Map: Abyssal Reef LE

Players

uThermal - Winner!

  • Race: Terran Terran
  • Spawn Location: 5:00

Snute

  • Race: Zerg Zerg
  • Spawn Location: 11:00

Event: WCS Jonkoping 2017

VOD

Have the link to the VOD?

Description

Time

  • Played on: June 17, 2017, 10:58 a.m.
  • Length: 6:48

All games in this series

Show
View Real Time Build Order
Export as new Build Order

uThermal Terran - Winner!

Build Orders:  

Get SALT Encoding   

  12  0:01  SCV  
  13  0:13  SCV  
  14  0:19  Supply Depot  
  14  0:25  SCV  
  15  0:40  SCV  
  16  0:43  Barracks  
  16  0:55  Barracks  
  16  1:00  SCV  
  17  1:05  Refinery  
  17  1:12  SCV  
  18  1:24  SCV  
  19  1:30  Marine  
  20  1:36  Orbital Command  
  20  1:42  Marine  
  20  1:44  Bunker  
  21  1:48  Marine  
  22  1:54  Supply Depot  
  22  2:01  Marine  
  23  2:14  Bunker  
  23  2:15  Marine  
  23  2:17  Factory  
  23  2:20  SCV  
  25  2:24  Marine  
  25  2:29  Refinery  
  26  2:35  Bunker  
  26  2:37  Marine  
  26  2:42  SCV  
  28  2:44  Marine  
  29  2:53  Supply Depot  
  29  2:55  SCV  
  30  3:04  Starport  
  30  3:15  Hellion  
  30  3:16  Marine  
  33  3:23  Bunker  
  33  3:27  SCV  
  34  3:35  Supply Depot  
  36  3:43  Starport Tech Lab  
  36  3:48  SCV  
  34  4:02  Cloaking Field  
  34  4:03  Banshee  
  34  4:04  Factory Tech Lab  
  34  4:05  SCV  
  38  4:17  SCV  
  38  4:22  Siege Tank  
  42  4:27  Supply Depot  
  41  4:31  SCV, Marine  
  41  4:41  Marine  
  41  4:46  Banshee  
  45  4:54  Siege Tank  
  47  5:10  Marine  
  47  5:12  Marine  
  45  5:28  Marine, Banshee  
  46  5:30  Marine  
  46  5:33  Siege Tank  
  46  5:34  Command Center  
  53  5:45  Marine  
  53  5:47  Marine  
  49  5:58  SCV  
  49  5:59  Supply Depot  
  49  6:03  Marine  
  51  6:05  Siege Tank, Marine  
  55  6:13  Supply Depot  
  55  6:25  Marine  
Show
View Real Time Build Order
Export as new Build Order

Snute Zerg 

Build Orders: Pool First, Ravager All-In 

Get SALT Encoding   

  12  0:00  Drone  
  13  0:12  Overlord  
  13  0:17  Drone  
  14  0:31  Drone x2  
  14  0:34  Drone  
  17  0:44  Extractor  
  17  0:45  Drone  
  17  0:51  Spawning Pool  
  17  0:55  Drone  
  17  1:16  Hatchery  
  16  1:19  Drone  
  16  1:23  Drone  
  18  1:38  Queen  
  20  1:43  Overlord  
  20  1:56  Zergling x4  
  22  2:04  Zergling x2  
  23  2:12  Zergling x2  
  24  2:22  Roach Warren  
  23  2:30  Drone  
  23  2:32  Extractor, Drone  
  24  2:42  Overlord  
  24  2:48  Overlord  
  24  3:03  Roach x3  
  30  3:18  Roach x3  
  36  3:22  Roach  
  40  3:35  Roach  
  40  3:38  Roach  
  44  3:41  Roach  
  44  3:50  Ravager x2  
  44  3:53  Overlord  
  44  4:11  Roach  
  44  4:12  Ravager  
  44  4:13  Ravager  
  44  4:14  Ravager  
  49  4:18  Roach  
  51  4:37  Ravager  
  50  4:39  Drone x3  
  50  4:40  Drone  
  50  4:44  Drone  
  50  4:45  Drone  
  54  5:07  Hatchery  
  54  5:14  Queen  
  50  5:21  Spore Crawler  
  48  5:24  Drone  
  47  5:40  Drone x2  
  47  5:41  Drone  
  48  5:46  Drone x2  
  39  5:53  Drone  
  32  6:01  Queen  
  32  6:02  Spore Crawler  
  33  6:14  Zergling x6  
  38  6:26  Zergling x2  
  38  6:27  Zergling x4  
  38  6:30  Zergling x2  
  38  6:31  Zergling x2  
Tags
 
Add a new tag
Caveats
  • Supply blocks, unpowered buildings, or Contaminate may cause inaccurate times.
  • Supply counts are checked every 10 seconds.